 Dungeon Crawl Stone Soup version 0.26-a0-52-gd53d4cd058 (webtiles) character file.

Game seed: 18259070345350443800

69 mortelune the Poker (level 4, 0/35 HPs)
             Began as a Merfolk Skald on June 5, 2020.
             Slain by a goblin
             ... wielding a +0 dagger
             ... led by Robin
              (2 damage)
             ... on level 2 of the Dungeon.
             The game lasted 00:05:04 (2283 turns).

mortelune the Poker (Merfolk Skald)                 Turns: 2283, Time: 00:05:04

Health: 0/35       AC:  3    Str: 12    XL:     4   Next: 20%
Magic:  7/7        EV: 13    Int: 12    God:
Gold:   83         SH:  0    Dex: 13    Spells: 2/7 levels left

rFire    x . .     SeeInvis .   a - +1 spear
rCold    + . .     Gourm    .   (no shield)
rNeg     . . .     Faith    .   b - +0 leather armour
rPois    .         Spirit   .   (no helmet)
rElec    .         Reflect  .   (no cloak)
rCorr    .         Harm     .   (no gloves)
MR       .....                  (no boots)
Stlth    +.........             c - amulet of inaccuracy (curse)
HPRegen  0.11/turn              e - ring of ice
MPRegen  0.10/turn              (no ring)

@: no status effects
A: change form in water, swift swim, stealthy swim
a: no special abilities


You were on level 2 of the Dungeon.
You were hungry.

You visited 1 branch of the dungeon, and saw 2 of its levels.

You collected 83 gold pieces.

Inventory:

Hand Weapons
 a - a +1 spear (weapon)
 h - a +0 hunting sling of freezing
Armour
 b - a +0 leather armour (worn)
 j - a +0 scale mail
Jewellery
 c - a cursed amulet of inaccuracy (around neck)
 e - a ring of ice (left hand)
Scrolls
 l - a scroll of fear {unknown}
Potions
 f - a potion of stabbing {unknown}
 g - a potion of might
 k - a potion of degeneration {unknown}
Comestibles
 d - 3 rations
 m - 3 chunks of flesh


   Skills:
 + Level 3.1 Fighting
 + Level 4.5 Polearms
 - Level 0.6 Armour
 + Level 3.9 Dodging
 - Level 2.0 Spellcasting
 - Level 3.2 Charms


You had 2 spell levels left.
You knew the following spells:

 Your Spells              Type           Power        Failure   Level  Hunger
a - Infusion              Chrm           #...         9%          1    ##.....
b - Song of Slaying       Chrm           #.......     14%         2    ###....
c - Shroud of Golubria    Chrm/Tloc      #.....       26%         2    ###....

Your spell library contained the following spells:

 Spells                   Type           Power        Failure   Level  Hunger
 Ozocubu's Armour         Chrm/Ice       #.......     47%         3    ####...
 Spectral Weapon          Hex/Chrm       #.......     47%         3    ####...


Dungeon Overview and Level Annotations

Branches:
Dungeon (2/15)

Altars:

Annotations:
D:2 Robin


Message History

You miss the goblin.
Robin says, "My army is invincible!"
You barely miss the goblin. The goblin closely misses you.
Robin roars a battlecry!
You completely miss the goblin. The goblin hits you but does no damage.
You hit the goblin.
The goblin is heavily wounded.
Robin hits you with a +0 club. The goblin closely misses you.
You hit the goblin.
The goblin is severely wounded.
Robin barely misses you. The goblin hits you with a +0 dagger.
* * * LOW HITPOINT WARNING * * *
You miss the goblin.
The goblin is severely wounded.
Robin hits you with a +0 club.
* * * LOW HITPOINT WARNING * * *
The goblin barely misses you.
It was a potion of cancellation.
You feel magically purged. Robin barely misses you.
The goblin hits you with a +0 dagger.
You die... ########## .# .# # ##.## gg #... gg♣

#..# .g♣
#g.#..♣._
#gg.g..♣ #g# #@#
##g# #..# #.##
##### #.# #...#
#.#
########...####.#
#......<........#
#.............###


You could see Robin (strong), a hobgoblin (strong) and 3 goblins.

Vanquished Creatures
  Jessica (D:2)
  An ooze (D:1)
  2 dart slugs (D:1)
  A giant cockroach (D:1)
  7 goblins
  3 hobgoblins (D:1)
  7 jackals
  A kobold (D:1)
  4 bats
  A frilled lizard (D:2)
  2 rats (D:1)
30 creatures vanquished.

Notes
Turn   | Place    | Note
-------+----------+-------------------------------------------
     0 | D:1      | mortelune the Merfolk Skald began the quest for the Orb.
     0 | D:1      | Reached XP level 1. HP: 16/16 MP: 3/3
    88 | D:1      | Reached XP level 2. HP: 12/23 MP: 0/5
  1201 | D:1      | Reached skill level 4 in Polearms
  1201 | D:1      | Reached XP level 3. HP: 28/28 MP: 6/6
  1568 | D:2      | Noticed Robin
  1568 | D:2      | Noticed Jessica
  1973 | D:2      | Learned a level 2 spell: Song of Slaying
  1976 | D:2      | Learned a level 2 spell: Shroud of Golubria
  2131 | D:2      | Killed Jessica
  2131 | D:2      | Reached XP level 4. HP: 31/35 MP: 2/7
  2264 | D:2      | Found a faded altar of an unknown god.
  2283 | D:2      | Slain by a goblin

Illustrated notes

Levels and vault maps discovered:
D:1:      mrwooster_arrival_statue_2, layout_loops_cross,
          minmay_misc_feat_square
D:2:      layout_loops_ring, chequers_ecumenical_altar_simple_redux, uniq_robin,
          uniq_jessica

Skill      XL: |  1  2  3 |
---------------+----------+-----
Dodging        | 3 |  3.9
Polearms       | 4 |  4.5
Fighting       | 3 |  3.1
Armour         | |  0.6
Spellcasting   | |  2.0
Charms         | |  3.2

Action                   |  1- 3 |  4- 6 || total
-------------------------+-------+-------++-------
Melee: Spear             |   149 |    13 ||   162
 Cast: Infusion          |     3 |       ||     3
       Song of Slaying   |     1 |       ||     1
  Use: Scroll            |     1 |     2 ||     3
       Potion            |       |     1 ||     1
 Stab: Sleeping          |     1 |       ||     1
  Eat: Chunk             |     4 |       ||     4
Armor: Leather armour    |    40 |     2 ||    42
Dodge: Dodged            |    88 |     7 ||    95

Table legend:
 A = Non-vault XP
 B = Vault XP
 C = Vault XP percentage of total XP
 D = Non-vault monster count
 E = Vault monster count
 F = Vault count percentage of total count
                 A         B        C        D         E       F
            +---------+---------+-------+---------+---------+-------
      Total |      58 |      41 |  41.4 |      27 |       3 |  10.0
            +---------+---------+-------+---------+---------+-------
        D:1 |      47 |       0 |   0.0 |      21 |       0 |   0.0
        D:2 |      11 |      41 |  78.8 |       6 |       3 |  33.3
            +---------+---------+-------+---------+---------+-------
